AoeStats
← Falsche Haut

Nomad

509921360Analyzed
2v2 RM · 2d ago on Sep 28, 2026· 28m 48s· 4 players
Game mode
Random Map
Map size
176×176
Population
200
Speed
Normal
Resources
Standard
Victory
Conquest
Starting age
Dark Age
Ending age
Imperial Age
RankedLock teamsTeams togetherTeam positionsShared explorationLock speedFull tech treeHidden civsTurbo modeCheats
Victory
Defeat
🇩🇪 Italians · Germany
1628
+17
🇩🇪 Persians · Germany
1616
+19
🇦🇷 Italians · Argentina
1661
-18
🇦🇷 Spanish · Argentina
1659
-18
Falsche Haut
8:29 Loom
12:06 Feudal Age
15:58 Castle Age
15:58 Fletching
20:56 Bodkin Arrow
21:54 Fishing Lines
27:42 Gold Mining
27:37 Double-Bit Axe
27:32 Horse Collar
Saint Martinique
14:28 Feudal Age
15:51 Wheelbarrow
19:15 Castle Age
18:20 Fishing Lines
19:43 Loom
20:17 Husbandry
20:26 Scale Barding Armor
23:14 Fletching
23:59 Medium Warships
24:07 Double-Bit Axe
25:47 Elite Skirmisher
27:31 Demolition Ship
29:05 Bow Saw
Brut
6:03 Loom
15:54 Feudal Age
17:18 Town Watch
20:07 Castle Age
18:33 Fletching
19:28 Double-Bit Axe
24:35 Padded Archer Armor
28:47 Leather Archer Armor
Paiza
4:55 Loom
12:32 Feudal Age
13:00 Double-Bit Axe
13:15 Town Watch
14:49 Forging
21:25 Fletching
23:00 Stone Mining
Connection lost

Rejoining the realm…

Still unreachable

The connection could not be restored.

Session expired

The server has moved on; the page needs a fresh start.